 Dungeon Crawl Stone Soup version 0.29-a0-275-g389c0b56f3 (webtiles) character file.

Game seed: 17452246816695123664

4216 Leszczynek the Cleaver (level 10, -1/118 HPs)
             Began as a Demonspawn Fire Elementalist on Mar 9, 2022.
             Was a Priest of Trog.
             Slain by a centaur warrior (6 damage)
             ... on level 12 of the Dungeon.
             The game lasted 00:35:13 (4218 turns).

Leszczynek the Cleaver (DsFE)                       Turns: 4218, Time: 00:35:13

Health: -1/118     AC: 15    Str: 18    XL:     10   Next: 9%
Magic:  13/13      EV: 12    Int: 16    God:    Trog [***...]
Gold:   270        SH:  0    Dex: 15    Spells: 12/13 levels left

rFire   . . .      SeeInvis +   a - +0 battleaxe
rCold   . . .      Faith    .   (shield currently unavailable)
rNeg    . . .      Spirit   .   F - +0 troll leather armour
rPois   .          Reflect  .   y - +0 helmet {SInv}
rElec   .          Harm     .   I - +0 cloak
rCorr   .          Rampage  .   q - +2 pair of gloves
Will    .....                   g - +1 pair of boots
Stlth   ..........              (no amulet)
HPRegen 1.09/turn               E - +6 ring of strength
MPRegen 0.13/turn               n - +4 ring of protection

@: berserking, very quick
A: hooves 1, spiny 2
a: Renounce Religion, Berserk, Trog's Hand


You were on level 12 of the Dungeon.
You worshipped Trog.
Trog was most pleased with you.
You visited 2 branches of the dungeon, and saw 14 of its levels.
You also visited: Sewer.

You collected 354 gold pieces.
You spent 84 gold pieces at shops.

Inventory:

Hand Weapons
 a - a +0 battleaxe (weapon)
 b - a +0 hunting sling
 c - a +0 dire flail
 t - a +2 vampiric whip
Missiles
 h - 17 poisoned darts (quivered)
 C - a curare-tipped dart
 J - 5 javelins
Armour
 g - a +1 pair of boots (worn)
 m - a +0 ring mail
 q - a +2 pair of gloves (worn)
 y - a +0 helmet of see invisible (worn)
 D - the +2 chain mail of Protective Custody {Will++ Dex+2}
   (You found it on level 8 of the Dungeon)

   Dex:       It affects your dexterity (+2).
   Will:      It greatly increases your willpower.
 F - a +0 troll leather armour (worn)
 I - a +0 cloak (worn)
Jewellery
 n - a +4 ring of protection (right hand)
 w - a ring of willpower
 z - a ring of protection from cold
 E - a +6 ring of strength (left hand)
Wands
 k - a wand of paralysis (12)
 o - a wand of iceblast (6)
 A - a wand of digging (2)
Scrolls
 f - 6 scrolls of teleportation
 i - 3 scrolls of magic mapping
 l - 2 scrolls of enchant weapon
 s - a scroll of vulnerability {!r}
 B - 2 scrolls of fear
 H - 2 scrolls of immolation {unknown}
Potions
 d - 2 potions of cancellation
 e - a potion of haste
 j - 2 potions of curing {@q1}
 p - a potion of lignification {!q}
 r - 9 potions of flight
 u - a potion of resistance {unknown}
 v - a potion of attraction {unknown}
 G - 2 potions of heal wounds {unknown}


   Skills:
 + Level 7.4 Fighting
 - Level 11.1(11.2) Axes
 - Level 2.7(7.5) Maces & Flails
 - Level 1.7 Dodging
 - Level 1.7 Stealth
 - Level 2.0 Spellcasting
 - Level 1.0 Conjurations
 - Level 2.8 Fire Magic


You had 12 spell levels left.
You knew the following spells:

 Your Spells              Type           Power      Damage    Failure   Level
a - Foxfire               Conj/Fire      28%        2x1d5     12%         1

Your spell library contained the following spells:

 Spells                   Type           Power      Damage    Failure   Level
 Scorch                   Fire           20%        2d6       12%         2
 Magic Dart               Conj           16%        1d3       16%         1
 Conjure Flame            Conj/Fire      7%         6-21      34%         3
 Call Imp                 Summ           1%         N/A       36%         2
 Inner Flame              Hex/Fire       6%         N/A       38%         3
 Mephitic Cloud           Conj/Pois/Air  2%         N/A       54%         3
 Flame Wave               Conj/Fire      7%         2d5       75%         4


Dungeon Overview and Level Annotations

Branches:
Dungeon (13/15)            Temple (1/1) D:4           Sewer (visited)
   Lair: D:8-11         Orc: D:9-12      Vaults: D:13-14

Altars:
Ashenzari
Cheibriados
Dithmenos
Fedhas
Gozag
Kikubaaqudgha
Makhleb
Nemelex Xobeh
Okawaru
Qazlal
Ru
Sif Muna
Trog
Uskayaw
Vehumet
Wu Jian
Xom
Yredelemnul
The Shining One
Beogh

Shops:
D:5 *   D:6 (   D:12 [

Annotations:
D:4 2 runed translucent doors
D:5 3 runed translucent doors, conein's ghost, amateur PaWr


Innate Abilities, Weirdness & Mutations

You have large cloven feet.
You are mostly covered in sharp spines.


Message History

You slash the centaur warrior!
The centaur warrior is moderately wounded.
The centaur shoots an arrow.
The arrow hits you.
The centaur shoots an arrow.
The arrow hits you!
The centaur warrior hits you but does no damage.
The centaur warrior kicks you but does no damage.
The centaur shoots an arrow.
The arrow hits you but does no damage.
The centaur unwields a +0 shortbow.
The centaur is struck by your spines.
The centaur hits you but does no damage.
The centaur closely misses you.
The centaur shoots an arrow.
The arrow hits you!
The centaur warrior hits you but does no damage.
The centaur warrior closely misses you.
Unknown command.
The centaur shoots an arrow.
The arrow misses you.
The centaur shoots an arrow.
The arrow hits you but does no damage. The centaur warrior barely misses you.
The centaur warrior closely misses you.
The centaur wields a +0 shortbow.
The centaur shoots an arrow.
The arrow closely misses you.
There is a stone staircase leading up, spattered with blood here.
The centaur shoots an arrow.
The arrow hits you!
* * * LOW HITPOINT WARNING * * *
The centaur shoots an arrow.
The arrow hits you!
* * * LOW HITPOINT WARNING * * *
The centaur warrior hits you.
* * * LOW HITPOINT WARNING * * *
The centaur warrior kicks you but does no damage.
The centaur warrior hits you but does no damage.
The centaur warrior kicks you but does no damage.
You climb upwards.
There is a stone staircase leading down here.
A red film seems to cover your vision as you go berserk!
You feel yourself moving faster!
You feel mighty!
The centaur warrior is struck by your spines.
The centaur warrior hits you!
* * * LOW HITPOINT WARNING * * *
The centaur warrior kicks you but does no damage.
You slice the centaur warrior!!
The centaur warrior is severely wounded.
The centaur warrior hits you.
You die...

.##..........................
...##.......................
... #........................
....#............#..#......##
...................####.####
.^.#...............###.##
.............#.........#..
...........c.##.##.#.###..
..?#.......@.#.......# #..##
.. #.............##...##....
. ..$........#..............
.##.........##########.....
..........(.# #.....
......####### ###.... ......
......... ...... .###.....
......##


You could see a centaur warrior.

Vanquished Creatures
  A cyclops (D:10)
  An unseen horror (D:12)
  2 kobold demonologists
  2 trolls (D:10)
  2 wyverns
  A steam dragon (D:9)
  2 orc warriors
  An ice beast (D:6)
  A black bear (D:4)
  A centaur (D:11)
  An ogre (D:6)
  A phantom (D:5)
  A kobold brigand (D:8)
  A gnoll sergeant (D:9)
  5 bullfrogs
  3 necrophages
  2 scorpions
  3 wights (D:8)
  3 howler monkeys
  4 orc priests
  A gnoll shaman (D:6)
  3 hounds (D:5)
  An iguana (D:5)
  An orc wizard (D:4)
  7 gnolls
  4 river rats (Sewer)
  8 adders
  2 ufetubi
  A worm (D:4)
  2 dart slugs
  23 orcs
  7 ball pythons
  5 bats
  3 endoplasms
  8 giant cockroaches
  2 goblins
  5 jackals
  5 quokkas
  3 frilled lizards
  6 kobolds
  3 rats
138 creatures vanquished.

Vanquished Creatures (others)
  A foxfire (D:1)
1 creature vanquished.

Grand Total: 139 creatures vanquished

Notes
Turn   | Place    | Note
-------+----------+-------------------------------------------
     0 | D:1      | Leszczynek the Demonspawn Fire Elementalist began the quest
                  | for the Orb.
     0 | D:1      | Reached XP level 1. HP: 13/13 MP: 3/3
    20 | D:1      | Found a faded altar of an unknown god.
    48 | D:1      | Prayed at the altar of an unknown god.
    48 | D:1      | Became a worshipper of Trog the Wrathful
    48 | D:1      | Reached * piety under Trog
    49 | D:1      | XDDXDXDXDXDXXDDXDXDXDX
    49 | D:1      | fighter with sif muna
    49 | D:1      | fire elementalist with trog
    49 | D:1      | okay, i guess
    54 | D:1      | i just hope i can kill something
   261 | D:1      | Reached skill level 1 in Fighting
   299 | D:1      | Gained mutation: You are partially covered in sharp spines.
                  | [demonic ancestry]
   299 | D:1      | Reached XP level 2. HP: 14/21 MP: 5/5
   469 | D:2      | normally i'd want an armor
   469 | D:2      | but maybe not with 8 str XD
   612 | D:3      | Reached skill level 2 in Fighting
   815 | D:4      | Reached XP level 3. HP: 19/28 MP: 6/6
   925 | D:4      | Found a large runed translucent door.
   926 | D:4      | Found a large runed translucent door.
  1072 | D:4      | Reached skill level 3 in Fighting
  1088 | D:4      | Reached XP level 4. HP: 36/36 MP: 7/7
  1132 | D:4      | Reached skill level 4 in Fighting
  1146 | D:4      | Reached ** piety under Trog
  1157 | D:4      | Found a glowing drain.
  1170 | Sewer    | Entered a sewer
  1323 | Sewer    | Reached skill level 1 in Maces & Flails
  1339 | Sewer    | Reached XP level 5. HP: 32/42 MP: 8/8
  1436 | Sewer    | Reached skill level 2 in Maces & Flails
  1496 | D:4      | Found a staircase to the Ecumenical Temple.
  1584 | Temple   | Entered the Ecumenical Temple
  1714 | D:5      | Entered Level 5 of the Dungeon
  1725 | D:5      | Reached skill level 1 in Axes
  1750 | D:5      | Reached XP level 6. HP: 48/48 MP: 9/9
  1815 | D:6      | Reached skill level 2 in Axes
  1819 | D:6      | Reached skill level 3 in Axes
  1940 | D:4      | Reached skill level 4 in Axes
  1944 | D:4      | Gained mutation: You are mostly covered in sharp spines.
                  | [demonic ancestry]
  1944 | D:4      | Reached XP level 7. HP: 54/54 MP: 10/10
  1950 | D:4      | spiny 2
  1951 | D:4      | oh, it's written in the notes
  1971 | D:5      | Found Ifeemas's General Store.
  1983 | D:5      | Reached skill level 5 in Axes
  2016 | D:5      | Bought a scroll of identify for 28 gold pieces
  2016 | D:5      | Bought a scroll of identify for 28 gold pieces
  2016 | D:5      | Bought a scroll of identify for 28 gold pieces
  2198 | D:5      | Found a shimmering blue altar of Sif Muna.
  2235 | D:5      | Reached skill level 6 in Axes
  2389 | D:6      | Reached skill level 5 in Fighting
  2389 | D:6      | Reached XP level 8. HP: 62/62 MP: 11/11
  2528 | D:7      | Reached *** piety under Trog
  2529 | D:7      | Reached skill level 6 in Fighting
  2548 | D:6      | Found Rergh's Weapon Shoppe.
  2588 | D:5      | Found a runed translucent gate.
  2589 | D:5      | Found a runed translucent gate.
  2589 | D:5      | Found a runed translucent gate.
  2591 | D:5      | Noticed conein's ghost (amateur PaWr)
  2591 | D:5      | Identified the +0 hand axe of the Enfolding King {vorpal,
                  | Str+3 Int+5}
  2751 | D:8      | Reached skill level 7 in Fighting
  2773 | D:8      | berserk is harder to use than trog's hand? lel
  2854 | D:8      | Found a burning altar of Makhleb.
  2976 | D:8      | Reached skill level 7 in Axes
  3022 | D:8      | Identified the +2 chain mail of Protective Custody {Will++
                  | Dex+2}
  3036 | D:8      | Noticed a two-headed ogre
  3068 | D:9      | my buffers were dying from spiny 2 :(
  3131 | D:8      | Gained mutation: You have large cloven feet. [demonic
                  | ancestry]
  3131 | D:8      | Reached XP level 9. HP: 65/72 MP: 12/12
  3197 | D:9      | Reached skill level 8 in Axes
  3262 | D:10     | Entered Level 10 of the Dungeon
  3282 | D:10     | Noticed a kobold demonologist
  3295 | D:10     | Killed a kobold demonologist
  3341 | D:10     | Noticed a troll
  3358 | D:10     | Killed a troll
  3359 | D:10     | Reached skill level 9 in Axes
  3424 | D:10     | Found an ornate altar of the Wu Jian Council.
  3425 | D:10     | Noticed a troll
  3426 | D:10     | Found a shimmering altar of Xom.
  3442 | D:10     | Killed a troll
  3446 | D:10     | Found a radiant altar of Vehumet.
  3721 | D:10     | Noticed a cyclops
  3747 | D:10     | Killed a cyclops
  3748 | D:10     | Reached skill level 10 in Axes
  3794 | D:9      | Found a stormy altar of Qazlal.
  3892 | D:11     | Noticed a kobold demonologist
  3893 | D:11     | Noticed an orange demon
  3901 | D:11     | Noticed a hellwing
  3928 | D:11     | Killed a kobold demonologist
  4006 | D:12     | Noticed an unseen horror
  4024 | D:12     | Killed an unseen horror
  4025 | D:12     | Reached skill level 11 in Axes
  4025 | D:12     | Reached XP level 10. HP: 77/79 MP: 13/13
  4157 | D:12     | Found Vigyiloma's Antique Armour Shoppe.
  4186 | D:13     | Noticed a centaur warrior
  4215 | D:13     | HP: 10/79 [centaur/arrow[a centaur warrior] (7)]
  4217 | D:12     | HP: 4/118 [centaur warrior (11)]
  4218 | D:12     | Slain by a centaur warrior

Illustrated notes #. ##..#####.. #.# #.......... #.# #..######## #.# #..##8..#.# .####.###..##^#.#^# ...........##.....# ####...........# ##...##.##....#### #.............@..# ###....##.##....#### .##.#..##.##....# .##.#.......#..... .##.#..##...#^#.#^# ...........##8..#8# .......###.###### # ....##.### .......... Turn 49 on D:1: XDDXDXDXDXDXXDDXDXDXDX #.##..# #..# #. ##..#####.. #.# #.......... #.# #..######## #.# #..##8..#.# .####.###..##^#.#^# ...........##.....# ####......@....# ##...##.##....#### #............._..# #####....##.##....#### ..##.#..##.##....# #.##.#.......#..... #.##.#..##...#^#.#^# ##...........##8..#8# ####........###.###### # Turn 54 on D:1: i just hope i can kill something #.# #.# #.# #.# #.# #.# #.# #@### #..)# ###.# #.# #.# .# #.# ># #.# .# # #.# .# #.###.###.######.# Turn 469 on D:2: normally i'd want an armor

###.............##
##.............# ##............##
##.......#....# ##....###....##
##.### ##....## # ##.# #>....# #
#..# #.....# ## #..# #.@...# #.
#..# #.....############. ###..#
##.....#.≈≈≈≈≈≈≈≈≈.. ####....##
#........≈≈≈≈.≈≈≈≈..
#........####........≈≈≈≈≈≈≈≈≈.#
....#####...#........############
..# ##...†.####.........# .
##..### #...##...# #..#######..##
##


Turn 1950 on D:4: spiny 2 .......####....#.# .###.............## .
##.............# ##............## ##.......#....# ##....###....## ##.###
##....## ##.# #>....# #..# #@....# # #..# #.....# # #..# #.....############
###..# ##.....#.≈≈≈≈≈≈≈≈≈. ####....## #........≈≈≈≈.≈≈≈≈.
#........####........≈≈≈≈≈≈≈≈≈. ....#####...#........########### ..#
##...†.####.........# . ##..### #...##...# Turn 1951 on D:4: oh, it's written in
the notes #### ..# ######.## #.@.....# #.####..# #.#...#.# ... #.#.#.#.########
... ................ .... #.###.##.##..... ..... #.........# ##. . o..##
#####.#.#.# ... ... .....#.# Turn 2773 on D:8: berserk is harder to use than
trog's hand? lel #......##### #######......###### #...................
.#.######......(##### ................+ ..#............#### #................
+...........##### #@..<...###.# #.......# ... . #.......# #### .. #.......###
... +.........# .... ####.####.# .....####'## ... ...........#######
##...<......^# Turn 3068 on D:9: my buffers were dying from spiny 2 :(

Levels and vault maps discovered:
D:1:      wander_arrival_peaceful_grave, layout_loops_ring,
          shapermc_ecumenical_altar_mp_highgroup
D:2:      layout_loops_ring, serial_shops, shop
D:3:      layout_basic
D:4:      layout_layer_cave, jmf_multi_god_temple2,
          minmay_temple_entry_offerings, portal_sewer_entry_f,
          minmay_box_of_dots, uniq_sigmund
D:5:      layout_basic, mainiacjoe_overflow_24_doors, serial_shops, shop,
          biasface_ghost_orc_armoury, kennysheep_generic_room_7
D:6:      layout_loops_corners, serial_shops, nicolae_stop_n_shop_2,
          kennysheep_nub
D:7:      layout_gridville, minmay_misc_feat_secret_circle
D:8:      layout_basic, lightli_temple_of_fire, erik_lair_orcish_takeover
D:9:      layout_basic, nicolae_qazlal_style_of_elements, minmay_between
D:10:     layout_loops_cross, grunt_temple_overflow_open,
          gammafunk_ghost_necromancy
D:11:     layout_stronghold, david_orc_4, minmay_fractal_squares_diagonal_5
D:12:     layout_rooms, gammafunk_ghost_spectres, serial_shops, shop,
          serial_curves, eino_curves_01, eino_curves_02
D:13:     layout_irregular_city, nrook_pool_corridor, bloody_makhleb,
          uniq_azrael
Temple:   eino_narrow_crystal_temple

Skill      XL: |  1  2  3  4  5  6  7  8  9 |
---------------+----------------------------+-----
Fighting       | 1 2 3 4 5 7 |  7.4
Maces & Flails | 1 2 |  2.7
Axes           | 1 4 6 7 11 | 11.1
Dodging        | |  1.7
Stealth        | |  1.7
Spellcasting   | |  2.0
Conjurations   | |  1.0
Fire Magic     | |  2.8

Action                   |  1- 3 |  4- 6 |  7- 9 | 10-12 || total
-------------------------+-------+-------+-------+-------++-------
Melee: Short sword       |    55 |    16 |       |       ||    71
       Unarmed           |     5 |       |       |       ||     5
       Whip              |       |    93 |   226 |       ||   319
       Punch             |       |     2 |     3 |       ||     5
       Battleaxe         |       |       |     3 |     8 ||    11
 Fire: Hunting sling     |    10 |     5 |     5 |       ||    20
Throw: Stone             |    55 |       |       |       ||    55
       Dart              |       |     1 |     9 |       ||    10
 Cast: Foxfire           |     1 |       |       |       ||     1
Invok: Berserk           |     2 |     2 |     8 |     1 ||    13
  Use: Potion            |       |     1 |       |       ||     1
       Scroll            |       |       |    13 |       ||    13
 Stab: Sleeping          |       |       |     4 |       ||     4
Armor: Robe              |     9 |       |       |       ||     9
       Ring mail         |     4 |    36 |    74 |       ||   114
       Troll leather arm |       |       |    23 |    18 ||    41
Dodge: Dodged            |    37 |    64 |   105 |    20 ||   226

Table legend: (Time is in decaauts)
 A = Elapsed time spent in this place.
 B = Non-inter-level travel time spent in this place.
 C = Inter-level travel time spent in this place.
 D = Time resting spent in this place.
 E = Time spent auto-exploring this place.
 F = Levels seen in this place.
 G = Mean time per level.
                   A        B        C        D        E       F      G
               +--------+--------+--------+--------+--------+-----+--------+
         Total |   4442 |   4285 |    157 |     40 |      0 |  15 |  296.1 |
       Dungeon |   4022 |   3865 |    157 |     40 |      0 |  13 |  309.4 |
        Temple |     95 |     95 |      0 |      0 |      0 |   1 |   95.0 |
         Sewer |    325 |    325 |      0 |      0 |      0 |   1 |  325.0 |
               +--------+--------+--------+--------+--------+-----+--------+

Top non-repeatable levels by time:
     D:4: 789 daAuts
    D:10: 548 daAuts
     D:1: 420 daAuts
     D:5: 390 daAuts
     D:8: 354 daAuts
   Sewer: 325 daAuts
     D:9: 301 daAuts
     D:3: 298 daAuts
     D:6: 244 daAuts
     D:2: 188 daAuts
    D:12: 163 daAuts
    D:11: 160 daAuts
     D:7: 150 daAuts
  Temple: 95 daAuts
    D:13: 12 daAuts
